 Dungeon Crawl Stone Soup version 0.27-a0-1548-gf8a67e7463 (webtiles) character file.

Game seed: 8859530948813615629

1831 Anon1729 the Sneak (level 9, -8/51 HPs)
             Began as an Octopode Fire Elementalist on July 13, 2021.
             Shot with an arrow by a centaur (11 damage)
             ... on level 6 of the Dungeon.
             The game lasted 00:17:41 (8498 turns).

Anon1729 the Sneak (Octopode Fire Elementalist)     Turns: 8498, Time: 00:17:42

Health: -8/51      AC:  1    Str:  7    XL:     9   Next: 11%
Magic:  12/15      EV: 14    Int: 20    God:
Gold:   254        SH:  0    Dex: 13    Spells: 5/16 levels left

rFire    . . .     SeeInvis .   n - +0 dagger (elec)
rCold    . . .     Faith    .   (no shield)
rNeg     . . .     Spirit   .   (helmet restricted)
rPois    .         Reflect  .   (no amulet)
rElec    .         Harm     .   i - ring of willpower
rCorr    .         Rampage  .   (no ring)
Will     +....                  (no ring)
Stlth    ++++......             (no ring)
HPRegen  0.17/turn              (no ring)
MPRegen  0.14/turn              (no ring)
                                (no ring)
                                (no ring)

@: no status effects
A: almost no armour, amphibious, 8 rings, camouflage 1, gelatinous body 1,
(nimble swimmer 1), tentacles
a: no special abilities


You were on level 6 of the Dungeon.
You visited 1 branch of the dungeon, and saw 6 of its levels.
You also visited: Sewer.

You collected 254 gold pieces.

Inventory:

Hand Weapons
 n - a +0 dagger of electrocution (weapon)
Jewellery
 i - a ring of willpower (left tentacle)
Scrolls
 b - 5 scrolls of identify {unknown}
 d - 2 scrolls of vulnerability {unknown}
 g - a scroll of teleportation {unknown}
 h - a scroll of fear {unknown}
 j - a scroll of magic mapping {unknown}
 k - 2 scrolls of enchant weapon {unknown}
 l - a scroll of brand weapon {unknown}
 q - a scroll of silence {unknown}
 r - a scroll of acquirement {unknown}
 s - a scroll of blinking {unknown}
 u - a scroll of fog {unknown}
 v - a scroll of holy word {unknown}
Potions
 a - a potion of heal wounds
 c - a potion of mutation {unknown}
 e - a potion of might
 f - a potion of curing
 m - 3 potions of haste
 o - a potion of ambrosia {unknown}
 p - 2 potions of flight
 t - a potion of lignification {unknown}


   Skills:
 + Level 4.8 Dodging
 + Level 6.8 Stealth
 + Level 4.4 Spellcasting
 * Level 5.9 Conjurations
 * Level 6.8 Fire Magic


You had 5 spell levels left.
You knew the following spells:

 Your Spells              Type           Power      Damage    Failure   Level
a - Foxfire               Conj/Fire      100%       2x1d9     1%          1
b - Conjure Flame         Conj/Fire      30%        6-21      2%          3
c - Sticky Flame          Conj/Fire      30%        2d5       9%          4
d - Inner Flame           Hex/Fire       18%        N/A       9%          3

Your spell library contained the following spells:

 Spells                   Type           Power      Damage    Failure   Level
 Fireball                 Conj/Fire      15%        3d8       24%         5
 Call Canine Familiar     Summ           4%         N/A       36%         3
 Portal Projectile        Hex/Tloc       8%         N/A       36%         3
 Leda's Liquefaction      Hex/Erth       2%         N/A       77%         4


Dungeon Overview and Level Annotations

Branches:
Dungeon (6/15)              Sewer (visited)
 Temple: D:4-7

Altars:

Shops:
D:5 *

Annotations:
D:2 Terence
D:3 1 runed translucent door, Stick's ghost, amateur SpEn


Innate Abilities, Weirdness & Mutations

You cannot wear most types of armour.
You are amphibious.
You can wear up to eight rings at the same time.
Your skin changes colour to match your surroundings (Stealth+).
Your rubbery body absorbs attacks. (AC +1, EV +1)
((You are camouflaged near water. (Stealth+)))
You have tentacles for arms and can constrict up to eight enemies at once.


Message History

You feel less confused.
A centaur comes into view.
Casting: Foxfire (safe; 1% risk of failure)
Confirm with . or Enter, or press ? or * to list all spells.
You conjure some foxfire!
The orc wizard gestures at you while chanting.
The magic dart hits you.
The centaur wields a +0 shortbow.
The centaur shoots an arrow.
The arrow barely misses you.
The foxfire hits the orc wizard but does no damage.
The foxfire hits the orc wizard.
The orc wizard is moderately wounded.
The orc wizard casts a spell.
The orc wizard flickers and vanishes!
Deactivating autopickup; reactivate with Ctrl-A.
The centaur shoots an arrow.
The arrow misses you.
Casting: Foxfire (safe; 1% risk of failure)
Confirm with . or Enter, or press ? or * to list all spells.
You can't see any susceptible monsters within range! (Use Z to cast anyway.)
Casting: Foxfire (safe; 1% risk of failure)
Confirm with . or Enter, or press ? or * to list all spells.
Aiming: Sticky Flame (dangerous; 9% risk of failure)
Press: ? - help, Shift-Dir - straight line The centaur shoots an arrow.
The arrow closely misses you.
The centaur shoots an arrow.
The arrow hits you!
The centaur shoots an arrow.
The arrow misses you.
The centaur shoots an arrow.
The centaur shoots an arrow.
The arrow hits you.
The centaur shoots an arrow.
The arrow hits you.
A magic dart appears from out of thin air!
The magic dart hits you!
* * * LOW HITPOINT WARNING * * *
The centaur shoots an arrow.
Reactivating autopickup.
You feel a bit more experienced.
Things that are here:
6 poisoned darts; a +0 club The centaur shoots an arrow.
The arrow hits you!
* * * LOW HITPOINT WARNING * * *
There is a stone staircase leading up, spattered with blood here.
The centaur shoots an arrow.
The arrow hits you!
You die...

##### # #.#.#####. .#.
##......... ....
###..##......
....##.)..#.......
..##....@(.).......
(........#.........
.................#.
..........)..#.###
............####
.............#
........).c..######.!.
......................
....#...##........>.#


You could see a centaur.

Vanquished Creatures
  Grinder (D:3)
  2 water moccasins (D:5)
  A necrophage (D:5)
  A sky beast (D:6)
  3 ogres
  2 kobold brigands
  Blork the orc (D:4)
  A bullfrog (D:4)
  3 scorpions
  2 jellies
  2 hounds (D:4)
  An orc priest (D:5)
  An iguana (D:5)
  Natasha (thrice) (D:2)
  2 orc wizards (D:5)
  A hound skeleton (D:4)
  8 adders
  3 gnolls (D:5)
  A river rat (Sewer)
  2 shadow imps (D:5)
  2 worms
  12 orcs
  5 bats
  7 endoplasms
  7 giant cockroaches
  10 goblins
  6 hobgoblins
  12 jackals
  5 quokkas
  7 ball pythons
  A frilled lizard (D:1)
  12 kobolds
  9 rats
136 creatures vanquished.

Vanquished Creatures (others)
  An orc wizard (D:6)
  369 foxfires
370 creatures vanquished.

Grand Total: 506 creatures vanquished

Notes
Turn   | Place    | Note
-------+----------+-------------------------------------------
     0 | D:1      | Anon1729 the Octopode Fire Elementalist began the quest for
                  | the Orb.
     0 | D:1      | Reached XP level 1. HP: 11/11 MP: 3/3
   297 | D:1      | Reached XP level 2. HP: 7/17 MP: 0/5
   949 | D:1      | Reached XP level 3. HP: 21/21 MP: 3/6
  1611 | D:2      | Noticed Terence
  1707 | D:2      | Learned a level 3 spell: Conjure Flame
  1839 | D:2      | Noticed Natasha
  1854 | D:2      | Killed Natasha
  1855 | D:2      | Reached XP level 4. HP: 7/27 MP: 1/7
  2129 | D:2      | Noticed Natasha
  2137 | D:2      | Killed Natasha
  2657 | D:1      | Learned a level 4 spell: Sticky Flame
  2807 | D:2      | Reached XP level 5. HP: 31/31 MP: 5/9
  2930 | D:2      | Noticed Natasha
  2936 | D:2      | Killed Natasha
  3969 | D:3      | Noticed Grinder
  3982 | D:3      | Killed Grinder
  3983 | D:3      | Reached XP level 6. HP: 19/36 MP: 2/10
  4347 | D:3      | Found a runed translucent door.
  4353 | D:3      | Noticed Stick's ghost (amateur SpEn)
  4568 | D:3      | Found a faded altar of an unknown god.
  4945 | D:4      | Noticed Blork the orc
  4953 | D:4      | Killed Blork the orc
  4954 | D:4      | Reached XP level 7. HP: 34/41 MP: 4/11
  5263 | D:4      | Reached skill level 5 in Stealth
  5263 | D:4      | Reached skill level 5 in Fire Magic
  5409 | D:4      | Found a glowing drain.
  5421 | Sewer    | Entered a sewer
  5726 | Sewer    | Found a glowing silver altar of Zin.
  5743 | Sewer    | Learned a level 3 spell: Inner Flame
  6228 | D:5      | Entered Level 5 of the Dungeon
  6292 | D:5      | Reached XP level 8. HP: 46/46 MP: 8/13
  6945 | D:5      | Found Wyes's Serpentskin Sales.
  6968 | D:5      | HP: 2/46 [water moccasin (8)]
  6978 | D:5      | Reached skill level 5 in Conjurations
  7933 | D:6      | Reached XP level 9. HP: 51/51 MP: 1/15
  8498 | D:6      | Shot with an arrow by a centaur

Illustrated notes

Levels and vault maps discovered:
D:1:      heliophobic_arrival_glass_houses, layout_loops_ring, feat_on_display
D:2:      layout_basic, dk_vineyard_2, uniq_terence, uniq_natasha
D:3:      layout_loops_ring, ebering_ecumenical_altar_abandoned,
          ebering_ghost_inner_flame, uniq_grinder
D:4:      wander_river, layout_basic, cheibrodos_sewer_entry_bend,
          uniq_blork_the_orc
D:5:      layout_basic, guppyfry_shop_venom
D:6:      layout_cave_pools, minitemple, dk_rats_in_the_wall

Skill      XL: |  1  2  3  4  5  6  7  8 |
---------------+-------------------------+-----
Stealth        | 3 4 5 6 |  6.8
Conjurations   | 2 3 4 5 |  5.9
Dodging        | 3 4 |  4.8
Fire Magic     | 4 5 6 |  6.8
Spellcasting   | 3 4 |  4.4

Action                   |  1- 3 |  4- 6 |  7- 9 || total
-------------------------+-------+-------+-------++-------
Melee: Unarmed           |    23 |    45 |    10 ||    78
       Tentacles         |     4 |     9 |    10 ||    23
       Constrict         |     3 |    14 |    10 ||    27
       Dagger            |       |       |    38 ||    38
 Cast: Foxfire           |    58 |    63 |   112 ||   233
       Sticky Flame      |       |     1 |    11 ||    12
       Conjure Flame     |       |       |     7 ||     7
       Inner Flame       |       |       |     1 ||     1
  Use: Potion            |       |     1 |     5 ||     6
 Stab: Sleeping          |     1 |     4 |     3 ||     8
Armor: Skin              |       |     3 |     3 ||     6
Dodge: Dodged            |    24 |    54 |    66 ||   144

Table legend: (Time is in decaauts)
 A = Elapsed time spent in this place.
 B = Non-inter-level travel time spent in this place.
 C = Inter-level travel time spent in this place.
 D = Time resting spent in this place.
 E = Time spent auto-exploring this place.
 F = Levels seen in this place.
 G = Mean time per level.
                   A        B        C        D        E       F      G
               +--------+--------+--------+--------+--------+-----+--------+
         Total |   8500 |   8203 |    297 |   1717 |   5071 |   7 | 1214.3 |
       Dungeon |   8154 |   7857 |    297 |   1586 |   4928 |   6 | 1359.0 |
         Sewer |    346 |    346 |      0 |    131 |    143 |   1 |  346.0 |
               +--------+--------+--------+--------+--------+-----+--------+

Top non-repeatable levels by time:
     D:5: 1985 daAuts
     D:1: 1817 daAuts
     D:2: 1658 daAuts
     D:3: 1424 daAuts
     D:4: 982 daAuts
   Sewer: 346 daAuts
     D:6: 285 daAuts
